 Dungeon Crawl Stone Soup version 0.31-a0-229-g1fc7ce93e2 (webtiles) character file.

Game seed: 990406935514208108

102 qw the Shooter (level 4, -6/26 HPs)
             Began as a Gargoyle Hexslinger on July 6, 2023.
             Mangled by Robin
             ... wielding a +5 heavy spear
              (10 damage)
             ... on level 4 of the Dungeon.
             The game lasted 00:00:55 (2609 turns).

qw the Shooter (Gargoyle Hexslinger)                Turns: 2609, Time: 00:00:56

Health: -6/26      AC:  9    Str: 11    XL:     4   Next: 78%
Magic:  5/5        EV: 10    Int: 14    God:
Gold:   55         SH:  0    Dex: 14    Spells: 4/5 levels left

rFire   . . .        Y - +1 sling (freeze)
rCold   . . .        (no shield)
rNeg    + . .        f - +0 ring mail
rPois   inf          c - +0 helmet
rElec   +            (no cloak)
rCorr   +            (no gloves)
SInv    .            (no boots)
Will    .....        e - amulet of regeneration
Stlth   +            h - ring of resist corrosion
HPRegen 1.04/turn    (no ring)
MPRegen 0.09/turn

%: no passive effects
@: about to teleport
A: sickness immunity, AC +3, negative energy resistance 1, electricity
resistance, torment resistance 1, petrification resistance
a: no special abilities


You were on level 4 of the Dungeon.
You visited 1 branch of the dungeon, and saw 4 of its levels.

You collected 149 gold pieces.
You spent 94 gold pieces at shops.


Innate Abilities, Weirdness & Mutations

You are immune to sickness and miasma.
Your stone body is resilient. (AC +3)
You are immune to poison.
You resist negative energy. (rN+)
You are resistant to electric shocks. (rElec)
You are resistant to unholy torment.
You are immune to petrification.


   Skills:
 - Level 2.3 Fighting
 + Level 4.2 Ranged Weapons
 - Level 1.0 Armour
 - Level 1.5 Dodging
 - Level 1.0 Spellcasting
 - Level 2.6 Hexes


You had 4 spell levels left.
You knew the following spells:

 Your Spells              Type           Power      Damage    Failure   Level
a - Slow                  Hex            32%        N/A       21%         1

Your spell library contained the following spells:

 Spells                   Type           Power      Damage    Failure   Level
 Inner Flame              Hex/Fire       4%         N/A       71%         3
 Portal Projectile        Hex/Tloc       8%         N/A       71%         3
 Cause Fear               Hex            4%         N/A       90%         4

Inventory:

Hand Weapons
 Y - a +1 sling of freezing (weapon)
Armour
 c - a +0 helmet (worn)
 f - a +0 ring mail (worn)
Jewellery
 e - an amulet of regeneration (around neck)
 h - a ring of resist corrosion (left hand)
Scrolls
 a - a scroll of teleportation
 b - 4 scrolls of identify
Potions
 d - a potion of haste {unknown}

Dungeon Overview and Level Annotations

Branches:
Dungeon (4/15)
 Temple: D:4-7

Altars:
Qazlal

Shops:
D:2 ?   D:3 *

Annotations:
D:3 3 runed translucent doors, qw's ghost, amateur GrHs
D:4 Ijyb; Robin


Message History

You kill the goblin!
A goblin comes into view. It is wielding a +0 club.
Robin says, "We wiped out the hill dwarves - you're next!"
Robin throws the goblin at you!
You shoot a sling bullet.
The sling bullet barely misses the goblin.
The goblin hits you with a +0 club. The goblin hits you but does no damage.
The goblin barely misses you.
You shoot a sling bullet. The sling bullet hits the goblin.
The sling bullet freezes the goblin.
The goblin is severely wounded.
The goblin hits you with a +0 dagger. The goblin hits you with a +0 club.
You shoot a sling bullet. The sling bullet hits the goblin!
The sling bullet freezes the goblin.
You kill the goblin!
The goblin barely misses you.
You shoot a sling bullet.
The sling bullet closely misses the goblin.
Robin throws Ijyb at you! Ijyb barely misses you.
The goblin hits you with a +0 club. Ijyb barely misses you.
The goblin hits you but does no damage.
You shoot a sling bullet.
The sling bullet hits Ijyb but does no damage.
Robin hits you from afar with a +5 heavy spear.
Ijyb hits you but does no damage. The hobgoblin barely misses you.
The goblin closely misses you.
You shoot a sling bullet. The sling bullet hits Ijyb.
The sling bullet freezes Ijyb.
Ijyb is moderately wounded.
Ijyb screams, "Get away!"
Ijyb hits you with a +0 club. The hobgoblin hits you.
The goblin hits you with a +0 club.
2609 ||| READING 2 scrolls of teleportation.
As you read the scroll of teleportation, it crumbles to dust.
You feel strangely unstable. Ijyb barely misses you.
The hobgoblin hits you but does no damage.
The goblin hits you but does no damage. x2
Robin hits you from afar with a +5 heavy spear!
You die...

#.# #..# #.# #..# #.#
#..# # #.# #..#
#..######.### #..#
##...........####..#
...>.#####.#.......#
......g###.######.##
.....gg@g...#####.######
......g###...........(..
....).# #........######
...[.. #.......## ...##
#........###### ..
#........<..... #
#.......####.##
#.......# .....####


You could see Ijyb (strong), Robin, a hobgoblin (strong) and 2 goblins.

Vanquished Creatures
  A gnoll (D:1)
  3 adders
  A worm (D:3)
  4 dart slugs
  2 ball pythons
  5 bats
  4 endoplasms
  3 giant cockroaches
  8 goblins
  2 hobgoblins (D:4)
  3 jackals (D:1)
  6 kobolds
  4 quokkas
  4 frilled lizards
  2 rats
52 creatures vanquished.

Notes
Turn   | Place    | Note
-------+----------+-------------------------------------------
     0 | D:1      | qw the Gargoyle Hexslinger began the quest for the Orb.
     0 | D:1      | Reached XP level 1. HP: 12/12 MP: 2/2
     0 | D:1      | 0 ||| qw: Version: 0.3-a-46-gb1f654a
     0 | D:1      | 0 ||| qw: Game counter: 1598
     0 | D:1      | 0 ||| qw: Melee chars always use a shield: true
     0 | D:1      | 0 ||| qw: God list: Okawaru
     0 | D:1      | 0 ||| qw: Allow faded altars: false
     0 | D:1      | 0 ||| qw: Do Orc after clearing Dungeon:15 true
     0 | D:1      | 0 ||| qw: Do second Lair branch before Depths: true
     0 | D:1      | 0 ||| qw: Lair rune preference: random
     0 | D:1      | 0 ||| qw: Goals: Normal
     0 | D:1      | 0 ||| PLANNING D:1-11
   218 | D:1      | Reached XP level 2. HP: 16/16 MP: 3/3
   295 | D:1      | Reached skill level 3 in Ranged Weapons
   598 | D:1      | Reached XP level 3. HP: 17/21 MP: 4/4
   629 | D:1      | 629 ||| UPGRADING to +0 ring mail.
   645 | D:1      | 645 ||| UPGRADING to +0 robe.
   650 | D:1      | 650 ||| UPGRADING to +0 ring mail.
   660 | D:1      | 660 ||| DROPPING +0 robe.
   875 | D:1      | 875 ||| UPGRADING to ring of resist corrosion.
   876 | D:1      | 876 ||| READING 2 scrolls labelled HECKER CUY.
   881 | D:1      | 881 ||| READING scroll labelled YTWUMISAYCU.
   882 | D:1      | 882 ||| READING scroll labelled XYCYRCHE KISTRYU.
   883 | D:1      | 883 ||| DRINKING 2 golden potions.
   884 | D:1      | 884 ||| DROPPING scroll of poison.
  1106 | D:2      | Found a stormy altar of Qazlal.
  1230 | D:2      | Reached XP level 4. HP: 19/26 MP: 5/5
  1333 | D:2      | Found Uxagex's Magic Scroll Boutique.
  1342 | D:2      | 1342 ||| SHOPLISTING scroll of enchant armour (97 gold,
                  | have 75).
  1342 | D:2      | 1342 ||| BUYING scroll of identify (26 gold).
  1342 | D:2      | Bought a scroll of identify for 26 gold pieces
  1342 | D:2      | 1342 ||| BUYING scroll of teleportation (39 gold).
  1342 | D:2      | Bought a scroll of teleportation for 39 gold pieces
  1694 | D:2      | 1694 ||| UPGRADING to +0 helmet.
  1699 | D:2      | 1699 ||| READING scroll labelled EFICUR ASOSHRE.
  1700 | D:2      | 1700 ||| READING scroll labelled VUDDEDGH OGOS.
  1701 | D:2      | 1701 ||| READING 4 scrolls of identify.
  1701 | D:2      | 1701 ||| IDENTIFYING inky potion
  1702 | D:2      | 1702 ||| DROPPING potion of degeneration.
  1812 | D:3      | Reached skill level 1 in Armour
  1999 | D:3      | Reached skill level 4 in Ranged Weapons
  2016 | D:3      | Identified the +9 mace of the Fortifying Tiger {drain,
                  | Dex+6}
  2047 | D:3      | Found Vonorun's Assorted Antiques.
  2056 | D:3      | 2056 ||| SHOPLISTING copper wand (116 gold, have 54).
  2056 | D:3      | 2056 ||| BUYING scroll labelled PUXIWN TOZO (29 gold).
  2056 | D:3      | Bought a scroll labelled PUXIWN TOZO for 29 gold pieces
  2056 | D:3      | 2056 ||| SHOPLISTING scroll of identify (58 gold, have 25).
  2056 | D:3      | 2056 ||| SHOPLISTING wooden ring (145 gold, have 25).
  2081 | D:3      | Found a runed translucent gate.
  2081 | D:3      | Found a runed translucent gate.
  2081 | D:3      | Found a runed translucent gate.
  2149 | D:3      | Noticed qw's ghost (amateur GrHs)
  2168 | D:3      | Identified the +6 dagger "Xaism" {venom, Will+ MP+9 Str+3
                  | Dex+6}
  2528 | D:3      | 2528 ||| UPGRADING to amulet of regeneration.
  2533 | D:3      | 2533 ||| READING scroll labelled WAWIAG SEYT.
  2534 | D:3      | 2534 ||| READING scroll labelled PUXIWN TOZO.
  2535 | D:3      | 2535 ||| DRINKING 2 yellow potions.
  2536 | D:3      | 2536 ||| DRINKING potion of curing.
  2536 | D:3      | 2536 ||| (to cure confusion)
  2537 | D:3      | 2537 ||| DROPPING potion of ambrosia.
  2600 | D:4      | Noticed Robin
  2601 | D:4      | Noticed Ijyb
  2608 | D:4      | HP: 3/26 [goblin/+0 club (5)]
  2609 | D:4      | 2609 ||| READING 2 scrolls of teleportation.
  2609 | D:4      | Mangled by Robin

Levels and vault maps discovered:
D:1:      saegor_arrival_simple_a, layout_basic, nicolae_grassy_gnolls
D:2:      layout_loops_corners, serial_shops, shop, basic_altar,
          minmay_small_reverse_x
D:3:      layout_basic, serial_shops, shop, gammafunk_ghost_icy
D:4:      kennysheep_spiral_hall, layout_loops_ring, nicolae_goblin_pals

Skill      XL: |  1  2  3  4 |
---------------+-------------+-----
Ranged Weapons | 3 4 |  4.2
Fighting       | 2 |  2.3
Armour         | 1 |  1.0
Dodging        | |  1.5
Spellcasting   | |  1.0
Hexes          | |  2.6

Action                     |  1- 3 |  4- 6 || total
---------------------------+-------+-------++-------
   Fire: Sling             |   128 |    54 ||   182
    Use: Scroll            |     3 |     6 ||     9
         Potion            |     1 |     2 ||     3
 Armour: Robe              |    13 |       ||    13
         Ring mail         |    18 |    12 ||    30
         Skin              |     1 |       ||     1
  Dodge: Dodged            |    61 |    15 ||    76

Table legend:
 A = Non-vault XP
 B = Vault XP
 C = Vault XP percentage of total XP
 D = Non-vault monster count
 E = Vault monster count
 F = Vault count percentage of total count
                 A         B        C        D         E       F
            +---------+---------+-------+---------+---------+-------
      Total |      98 |      49 |  33.3 |      44 |       8 |  15.4
            +---------+---------+-------+---------+---------+-------
        D:1 |      38 |      14 |  26.9 |      21 |       1 |   4.5
        D:2 |      22 |      29 |  56.9 |      10 |       4 |  28.6
        D:3 |      36 |       0 |   0.0 |      12 |       0 |   0.0
        D:4 |       2 |       6 |  75.0 |       1 |       3 |  75.0
            +---------+---------+-------+---------+---------+-------
